 Dungeon Crawl Stone Soup version 0.27.0-1-g7a089689b8 (webtiles) character file.

Game seed: 15980354818951298690

14 SomeFlowers the Firebug (level 2, -3/13 HPs)
             Began as a Vine Stalker Fire Elementalist on July 31, 2021.
             Was an Initiate of Gozag.
             Slain by a gnoll (5 damage)
             ... on level 1 of the Dungeon.
             The game lasted 00:01:21 (513 turns).

SomeFlowers the Firebug (VSFE)                       Turns: 513, Time: 00:01:21

Health: -3/13      AC:  2    Str: 10    XL:     2   Next: 41%
Magic:  0/6        EV: 12    Int: 15    God:    Gozag
Gold:   6          SH:  0    Dex: 14    Spells: 4/5 levels left

rFire    . . .     SeeInvis .   (no weapon)
rCold    . . .     Faith    .   (no shield)
rNeg     . . .     Spirit   +   a - +0 robe
rPois    .         Reflect  .   (no helmet)
rElec    .         Harm     .   (no cloak)
rCorr    .         Rampage  .   (no gloves)
Will     .....                  (no boots)
Stlth    ++........             (no amulet)
HPRegen  0.04/turn              (no ring)
MPRegen  0.10/turn              (no ring)

@: gold aura
A: fangs 2, magic shield, antimagic bite, no potion heal 2
a: Renounce Religion, Potion Petition, Call Merchant, Bribe Branch


You were on level 1 of the Dungeon.
You worshipped Gozag.
Gozag was noncommittal.
You visited 1 branch of the dungeon, and saw 1 of its levels.

You collected 6 gold pieces.

Inventory:

Armour
 a - a +0 robe (worn)


   Skills:
 - Level 1.7 Dodging
 - Level 2.5 Stealth
 - Level 2.2 Spellcasting
 * Level 1.3 Conjurations
 + Level 3.4 Fire Magic


You had 4 spell levels left.
You knew the following spells:

 Your Spells              Type           Power      Damage    Failure   Level
a - Foxfire               Conj/Fire      32%        2x1d5     9%          1

Your spell library contained the following spells:

 Spells                   Type           Power      Damage    Failure   Level
 Conjure Flame            Conj/Fire      8%         6-21      24%         3
 Inner Flame              Hex/Fire       6%         N/A       32%         3
 Sticky Flame             Conj/Fire      8%         2d3       63%         4
 Fireball                 Conj/Fire      4%         3d4       92%         5


Dungeon Overview and Level Annotations

Branches:
Dungeon (1/15)

Altars:
Gozag


Innate Abilities, Weirdness & Mutations

You have extremely sharp teeth.
When hurt, damage is shared between your health and your magic reserves.
Your bite disrupts and absorbs the magic of your enemies.
Potions cannot restore your health.


Message History

Casting: Foxfire (safe; 9% risk of failure)
Confirm with . or Enter, or press ? or * to list all spells.
You conjure some foxfire!
The foxfire hits the gnoll.
The gnoll is moderately wounded.
The foxfire hits the gnoll.
The gnoll is heavily wounded.
Casting: Foxfire (safe; 9% risk of failure)
Confirm with . or Enter, or press ? or * to list all spells.
You conjure some foxfire!
Your foxfire dissipates!
The foxfire hits the gnoll but does no damage.
The gnoll is heavily wounded.
Casting: Foxfire (safe; 9% risk of failure)
Confirm with . or Enter, or press ? or * to list all spells.
Okay, then.
Casting: Foxfire (safe; 9% risk of failure)
Confirm with . or Enter, or press ? or * to list all spells.
You miscast Foxfire.
You are very lightly contaminated with residual magic.
Nothing appears to happen.
The gnoll hits you with a +0 club.
Casting: Foxfire (safe; 9% risk of failure)
Confirm with . or Enter, or press ? or * to list all spells.
You conjure some foxfire!
The gnoll hits you with a +0 club!
Ouch! That really hurt!
* * * LOW HITPOINT WARNING * * *
The foxfire hits the gnoll but does no damage.
The gnoll is heavily wounded.
The foxfire hits the gnoll.
The gnoll is almost dead.
Casting: Foxfire (safe; 9% risk of failure)
Confirm with . or Enter, or press ? or * to list all spells.
You conjure some foxfire!
The gnoll barely misses you.
The foxfire hits the kobold but does no damage.
The foxfire hits the kobold.
You kill the kobold!
Your magical contamination has completely faded away.
The gnoll hits you with a +0 club.
You die...
Your body crumbles into a pile of gold.

##.PP.P....##
#.PPP.....# #........P#
#..P..P...#############
#####_#####............
#.........#############
#.........# #...P..g.P#
##.....@PP.##
#.#P.P....#.##########
#
###.PPP..P#..........#
#
#P......##.###.###.###
#.##$..##.#.......#.'.†
####.PP# ##.###.#####'#
#.#### #...#.+.....#
#.# #.#.#.#.....#
.###########.#
#.#.#+#..>..#


You could see a gnoll.

Vanquished Creatures
  A bat (D:1)
  A giant cockroach (D:1)
  3 hobgoblins (D:1)
  2 kobolds (D:1)
  6 frilled lizards (D:1)
13 creatures vanquished.

Vanquished Creatures (others)
  20 foxfires (D:1)
  A fungus (D:1)
  A plant (D:1)
22 creatures vanquished.

Grand Total: 35 creatures vanquished

Notes
Turn   | Place    | Note
-------+----------+-------------------------------------------
     0 | D:1      | SomeFlowers the Vine Stalker Fire Elementalist began the
                  | quest for the Orb.
     0 | D:1      | Reached XP level 1. HP: 9/9 MP: 4/4
   179 | D:1      | Reached XP level 2. HP: 13/13 MP: 1/6
   398 | D:1      | Found a faded altar of an unknown god.
   415 | D:1      | Became a worshipper of Gozag Ym Sagoz the Greedy
   513 | D:1      | Slain by a gnoll

Illustrated notes

Levels and vault maps discovered:
D:1:      shiori_arrival_maze, layout_basic, shapermc_ecumenical_altar_gd,
          minmay_lizard_pond

Action                   || total
-------------------------++-------
Melee: Unarmed           ||    20
       Bite              ||     6
 Cast: Foxfire           ||    20
 Stab: Sleeping          ||     2
Armor: Robe              ||     5
Dodge: Dodged            ||    13
